 Dungeon Crawl Stone Soup version 0.29.1-1-gd02db6906a (webtiles) character file.

Game seed: 7359600918880593647

92 tardwrangler69 the Digger (level 4, 0/27 HPs)
             Began as an Octopode Earth Elementalist on Oct 5, 2022.
             Slain by an orc priest
             ... wielding a +0 mace
              (6 damage)
             ... on level 3 of the Dungeon.
             The game lasted 00:01:28 (3012 turns).

tardwrangler69 the Digger (OpEE)                    Turns: 3012, Time: 00:01:29

Health: 0/27       AC:  1    Str:  7    XL:     4   Next: 60%
Magic:  7/9        EV: 13    Int: 19    God:
Gold:   97         SH:  0    Dex: 12    Spells: 8/9 levels left

rFire   . . .      SeeInvis .   (no weapon)
rCold   . . .      Faith    .   (no shield)
rNeg    . . .      Spirit   .   (helmet restricted)
rPois   .          Reflect  .   (no amulet)
rElec   .          Harm     .   (no ring)
rCorr   .          Rampage  .   (no ring)
Will    .....                   (no ring)
Stlth   +++.......              (no ring)
HPRegen 0.09/turn               (no ring)
MPRegen 0.11/turn               (no ring)
                                (no ring)
                                (no ring)

@: no status effects
A: almost no armour, amphibious, 8 rings, camouflage 1, gelatinous body 1,
(nimble swimmer 1), tentacles
a: no special abilities


You were on level 3 of the Dungeon.
You visited 1 branch of the dungeon, and saw 3 of its levels.

You collected 97 gold pieces.

Inventory:

Missiles
 e - a throwing net
Jewellery
 d - a ring of flight
 f - a ring of protection from fire
Scrolls
 b - a scroll of noise {unknown}
 c - 5 scrolls of identify {unknown}
 h - a scroll of poison {unknown}
 i - a scroll of blinking {unknown}
 j - 5 scrolls of teleportation {unknown}
 k - a scroll of magic mapping {unknown}
 l - a scroll of summoning {unknown}
Potions
 a - a potion of magic
 g - a potion of heal wounds {unknown}
 m - a potion of lignification {unknown}


   Skills:
 - Level 2.0 Dodging
 - Level 2.6 Stealth
 + Level 3.3 Spellcasting
 - Level 1.0 Transmutations
 + Level 4.2 Earth Magic


You had 8 spell levels left.
You knew the following spells:

 Your Spells              Type           Power      Damage    Failure   Level
a - Sandblast             Erth           38%        2d10      2%          1

Your spell library contained the following spells:

 Spells                   Type           Power      Damage    Failure   Level
 Passwall                 Tmut/Erth      10%        N/A       8%          2
 Stone Arrow              Conj/Erth      22%        3d8       19%         3
 Petrify                  Tmut/Erth      13%        N/A       45%         4


Dungeon Overview and Level Annotations

Branches:
Dungeon (3/15)

Altars:
Xom


Innate Abilities, Weirdness & Mutations

You cannot wear most types of armour.
You are amphibious.
You can wear up to eight rings at the same time.
Your skin changes colour to match your surroundings (Stealth+).
Your rubbery body absorbs attacks. (AC +1, EV +1)
((You are camouflaged when in or above water. (Stealth+)))
You have tentacles for arms and can constrict up to eight enemies at once.


Message History

There is a stone staircase leading down here.
Casting: Sandblast (safe; 2% risk of failure)
Confirm with . or Enter, or press ? or * to list all spells.
Aiming: Sandblast (safe; 2% risk of failure)
Press: ? - help, Shift-Dir - straight line, f - orc
Aim: an orc, wielding a +0 dagger and wearing a +3 leather armour (heavily wounded, 82% to hit)
The blast of sand hits the orc!
You kill the orc!
Magic restored.
Key pressed, stopping explore.
HP restored.
Things that are here:
a +0 dagger; a +3 leather armour Done exploring.
Done exploring.
There is a stone staircase leading down here.
You climb downwards.
The orc priest invokes the aid of Beogh against you.
Beogh smites you!
There is a stone staircase leading up here.
Casting: Sandblast (safe; 2% risk of failure)
Confirm with . or Enter, or press ? or * to list all spells.
Aiming: Sandblast (safe; 2% risk of failure)
Press: ? - help, Shift-Dir - straight line, f - orc priest
Aim: an orc priest, wielding a +0 mace (82% to hit)
The blast of sand hits the orc priest.
The orc priest is moderately wounded.
The orc priest hits you with a +0 mace.
Casting: Sandblast (safe; 2% risk of failure)
Confirm with . or Enter, or press ? or * to list all spells.
Aiming: Sandblast (safe; 2% risk of failure)
Press: ? - help, Shift-Dir - straight line, f/p - orc priest
Aim: an orc priest, wielding a +0 mace (moderately wounded, 82% to hit)
The blast of sand hits the orc priest!
The orc priest is almost dead.
The orc priest calls down the wrath of Beogh upon you.
Beogh smites you!
* * * LOW HITPOINT WARNING * * *
The orc priest hits you with a +0 mace.
You die...

.###.......
.......>.........#####..#.##.
##..................#........
#...........................
##...........................
#............................
##.#)........................>
#..##.........................
#.####..........@o.....)......
......#.#..#.#.........)).....
......#...##.##.....[###.####.
.<....#..###.........# ..
..........#####....### .#
.......#......#..#..# 8#
#.####......#.##.##### # #.#
#..##.#..........#
#.###.###...........##


You could see an orc priest.

Vanquished Creatures
  4 adders
  3 worms
  2 dart slugs
  4 orcs
  A giant cockroach (D:2)
  6 goblins
  3 hobgoblins
  4 jackals (D:1)
  2 quokkas
  3 ball pythons
  5 bats
  3 rats
40 creatures vanquished.

Notes
Turn   | Place    | Note
-------+----------+-------------------------------------------
     0 | D:1      | tardwrangler69 the Octopode Earth Elementalist began the
                  | quest for the Orb.
     0 | D:1      | Reached XP level 1. HP: 11/11 MP: 3/3
   136 | D:1      | Found a faded altar of an unknown god.
   303 | D:1      | Reached XP level 2. HP: 17/17 MP: 1/5
  1310 | D:2      | Reached XP level 3. HP: 21/21 MP: 4/6
  2249 | D:3      | Found a shimmering altar of Xom.
  2259 | D:3      | Reached skill level 4 in Earth Magic
  2259 | D:3      | Reached XP level 4. HP: 17/27 MP: 5/8
  3012 | D:3      | Slain by an orc priest

Illustrated notes

Levels and vault maps discovered:
D:1:      spicycebolla_green_bress_n_ham_2, layout_loops_ring,
          ebering_ecumenical_altar_mist
D:2:      layout_loops_ring
D:3:      minmay_goblin_kobold_castle, layout_rooms, xom_teletrap_fun,
          pf_guarded_unrand_meek

Skill      XL: |  1  2  3 |
---------------+----------+-----
Spellcasting   | 3 |  3.3
Earth Magic    | 4 |  4.2
Dodging        | |  2.0
Stealth        | |  2.6
Transmutations | |  1.0

Action                   |  1- 3 |  4- 6 || total
-------------------------+-------+-------++-------
Melee: Unarmed           |     8 |       ||     8
       Tentacles         |     1 |       ||     1
       Constrict         |     1 |       ||     1
 Cast: Sandblast         |    44 |    15 ||    59
Armor: Skin              |     7 |     2 ||     9
Dodge: Dodged            |    27 |     4 ||    31
